PAA
SALEM MISFITS @ SAN ANTONIO BC
09/04/2027
 
TOP OF THE 1ST
Salem Misfits batting - Pitching for San Antonio BC : RHP Jim Unknown
Pitching: RHP Jim Unknown
Batting: RHB Ralph Cranford 0-0: Ball
1-0: Swinging Strike
1-1: Swinging Strike
1-2: Ball
2-2: Strikes out swinging
Batting: RHB Jorge Gómez 0-0: Ball
1-0: Ball
2-0: Ball
3-0: Called Strike
3-1: Base on Balls
Batting: LHB Austin Hathaway 0-0: Called Strike
0-1: Foul Ball, location: 2F
0-2: Ball
1-2: Strikes out swinging
Batting: LHB Brent van Schoonhoven 0-0: Called Strike
0-1: Called Strike
0-2: Ball
1-2: SINGLE (Flyball, 89S)
Jorge Gómez to second
Runner from 2nd tries for 3rd, SAFE, no throw
Batting: LHB Estefan Carrasco 0-0: Fly out, F7 (Line Drive, 7)
Top of the 1st over - 0 run(s), 1 hit(s), 0 error(s), 2 left on base; Salem 0 - San Antonio 0
BOTTOM OF THE 1ST
San Antonio BC batting - Pitching for Salem Misfits : RHP Frank Veeck
Pitching: RHP Frank Veeck
Batting: LHB Earl Wiley 0-0: Ball
1-0: Ball
2-0: Bunted foul
2-1: SINGLE (Line Drive, 6MD)
Batting: LHB Stefan Vanderhoof 0-0: Called Strike
0-1: Ball
1-1: Called Strike
1-2: Ball
2-2: Foul Ball, location: 2F
2-2: Ball
3-2: Fly out, F9 (Flyball, 89M)
Batting: RHB Abraham Phelps 0-0: Ball
Earl Wiley steals 2nd base
1-0: Called Strike
1-1: Ball
2-1: Called Strike
2-2: Foul Ball, location: 2F
2-2: Ball
3-2: Foul Ball, location: 2F
3-2: Strikes out looking
Batting: LHB Dawit Lihalakha 0-0: Called Strike
0-1: SINGLE (Line Drive, 4D)
Earl Wiley to third
Runner from 3rd tries for Home, SAFE, no throw
Batting: SHB Esteban Borsellino 0-0: Called Strike
0-1: Swinging Strike
0-2: Foul Ball, location: 2F
0-2: Ball
1-2: Strikes out swinging
Bottom of the 1st over - 1 run(s), 2 hit(s), 0 error(s), 1 left on base; Salem 0 - San Antonio 1
TOP OF THE 2ND
Salem Misfits batting - Pitching for San Antonio BC : RHP Jim Unknown
Batting: RHB Ryan Fiore 0-0: Called Strike
0-1: Called Strike
0-2: Fly out, F8 (Flyball, 8LD)
Batting: LHB Jorge García 0-0: Ball
1-0: Called Strike
1-1: Foul Ball, location: 2F
1-2: Foul Ball, location: 2F
1-2: Strikes out looking
Batting: RHB Jorge Ramos 0-0: Called Strike
0-1: Ground out 4-3 (Groundball, 4S)
Top of the 2nd over - 0 run(s), 0 hit(s), 0 error(s), 0 left on base; Salem 0 - San Antonio 1
BOTTOM OF THE 2ND
San Antonio BC batting - Pitching for Salem Misfits : RHP Frank Veeck
Batting: RHB Ismael Sandoval 0-0: Called Strike
0-1: Called Strike
0-2: Ball
1-2: Foul Ball, location: 2F
1-2: Foul Ball, location: 2F
1-2: Strikes out looking
Batting: RHB José Perea 0-0: Swinging Strike
0-1: Swinging Strike
0-2: Fly out, F9 (Flyball, 9)
Batting: RHB Freddy Torres 0-0: Ball
1-0: Ball
2-0: Ground out 6-3 (Groundball, 6)
Bottom of the 2nd over - 0 run(s), 0 hit(s), 0 error(s), 0 left on base; Salem 0 - San Antonio 1
TOP OF THE 3RD
Salem Misfits batting - Pitching for San Antonio BC : RHP Jim Unknown
Batting: RHB Paul O'Neill 0-0: Swinging Strike
0-1: Ball
1-1: Ground out 5-3 (Groundball, 5)
Batting: RHB Ralph Cranford 0-0: Ball
1-0: Foul Ball, location: 2F
1-1: Ball
2-1: Ball
3-1: Ground out 6-3 (Groundball, 6)
Batting: RHB Jorge Gómez 0-0: DOUBLE (Line Drive, 7LM)
Batting: LHB Austin Hathaway 0-0: Swinging Strike
0-1: Ball
1-1: Called Strike
1-2: Strikes out looking
Top of the 3rd over - 0 run(s), 1 hit(s), 0 error(s), 1 left on base; Salem 0 - San Antonio 1
BOTTOM OF THE 3RD
San Antonio BC batting - Pitching for Salem Misfits : RHP Frank Veeck
Batting: RHB Manny Álvarez 0-0: Ball
1-0: Swinging Strike
1-1: SINGLE (Line Drive, 78S)
Batting: LHB Earl Wiley 0-0: Ball
1-0: Swinging Strike
1-1: Ball
2-1: Ball
3-1: SINGLE (Flyball, 8LS)
Manny Álvarez to second
Batting: LHB Stefan Vanderhoof 0-0: Ball
1-0: Ball
2-0: Fly out, F8 (Flyball, 8LM)
Batting: RHB Abraham Phelps 0-0: Ball
Manny Álvarez is caught stealing 3rd base
Earl Wiley to second
1-0: Called Strike
1-1: Called Strike
1-2: Ball
2-2: Ball
3-2: Strikes out swinging
Bottom of the 3rd over - 0 run(s), 2 hit(s), 0 error(s), 1 left on base; Salem 0 - San Antonio 1
TOP OF THE 4TH
Salem Misfits batting - Pitching for San Antonio BC : RHP Jim Unknown
Batting: LHB Brent van Schoonhoven 0-0: Ball
1-0: Foul Ball, location: 2F
1-1: Foul Ball, location: 2F
1-2: Strikes out swinging
Batting: LHB Estefan Carrasco 0-0: Ball
1-0: Foul Ball, location: 2F
1-1: Foul Ball, location: 2F
1-2: SINGLE (Groundball, 34D)
Batting: RHB Ryan Fiore 0-0: Ball
1-0: Ball
2-0: Fly out, F6 (Line Drive, 6)
Batting: LHB Jorge García 0-0: Foul Ball, location: 2F
0-1: Ball
1-1: Ball
2-1: Foul Ball, location: 2F
2-2: Foul Ball, location: 2F
2-2: Strikes out swinging
Top of the 4th over - 0 run(s), 1 hit(s), 0 error(s), 1 left on base; Salem 0 - San Antonio 1
BOTTOM OF THE 4TH
San Antonio BC batting - Pitching for Salem Misfits : RHP Frank Veeck
Batting: LHB Dawit Lihalakha 0-0: Ball
1-0: Ball
2-0: Swinging Strike
2-1: Ball
3-1: Base on Balls
Batting: SHB Esteban Borsellino 0-0: Foul Ball, location: 2F
0-1: Ball
1-1: SINGLE (Flyball, 7S)
Dawit Lihalakha to second
Batting: RHB Ismael Sandoval 0-0: Ball
1-0: Fly out, F7 (Flyball, 78M)
Batting: RHB José Perea 0-0: Called Strike
0-1: Ball
1-1: Foul Ball, location: 2F
1-2: Ball
2-2: Foul Ball, location: 2F
2-2: Strikes out swinging
Batting: RHB Freddy Torres 0-0: Ball
1-0: Foul Ball, location: 2F
1-1: Fielders Choice at 2nd, 6-4 (Groundball, 6)
Bottom of the 4th over - 0 run(s), 1 hit(s), 0 error(s), 1 left on base; Salem 0 - San Antonio 1
TOP OF THE 5TH
Salem Misfits batting - Pitching for San Antonio BC : RHP Jim Unknown
Batting: RHB Jorge Ramos 0-0: Ball
1-0: Foul Ball, location: 2F
1-1: Foul Ball, location: 2F
1-2: Ground out 5-3 (Groundball, 56S)
Batting: RHB Paul O'Neill 0-0: Ground out 4-3 (Groundball, 4)
Batting: RHB Ralph Cranford 0-0: Called Strike
0-1: Ball
1-1: Ground out 6-3 (Groundball, 56D)
Top of the 5th over - 0 run(s), 0 hit(s), 0 error(s), 0 left on base; Salem 0 - San Antonio 1
BOTTOM OF THE 5TH
San Antonio BC batting - Pitching for Salem Misfits : RHP Frank Veeck
Batting: RHB Manny Álvarez 0-0: SINGLE (Groundball, 56D)
Batting: LHB Earl Wiley 0-0: Bunted foul
0-1: Ball
Manny Álvarez steals 2nd base
1-1: Bunted foul
1-2: Foul Ball, location: 2F
1-2: Ball
2-2: Ground out 6-3 (Groundball, 6S)
Manny Álvarez to third
Batting: LHB Stefan Vanderhoof 0-0: Called Strike
0-1: Fly out, F7 (Flyball, 7LD)
Runner from 3rd tags up, SCORES, no throw
Batting: RHB Abraham Phelps 0-0: Ball
1-0: Ball
2-0: Ball
3-0: Base on Balls
Batting: LHB Dawit Lihalakha 0-0: Ball
1-0: Ball
2-0: Foul Ball, location: 2F
2-1: Foul Ball, location: 2F
2-2: Ground out 4-3 (Groundball, 34D)
Bottom of the 5th over - 1 run(s), 1 hit(s), 0 error(s), 1 left on base; Salem 0 - San Antonio 2
TOP OF THE 6TH
Salem Misfits batting - Pitching for San Antonio BC : RHP Jim Unknown
Batting: RHB Jorge Gómez 0-0: Ball
1-0: SINGLE (Line Drive, 4M)
Batting: LHB Austin Hathaway 0-0: Ball
1-0: Called Strike
1-1: SINGLE (Groundball, 6D)
Jorge Gómez to second
Batting: LHB Brent van Schoonhoven 0-0: Called Strike
0-1: Ball
1-1: Foul Ball, location: 2F
1-2: Ball
2-2: Strikes out swinging
Batting: LHB Estefan Carrasco 0-0: Ball
1-0: Called Strike
1-1: Called Strike
1-2: Strikes out swinging
Batting: RHB Ryan Fiore 0-0: Ball
1-0: Ball
2-0: SINGLE (Groundball, 6D)
Jorge Gómez to third
Austin Hathaway to second
Runner from 3rd tries for Home, SAFE, no throw
Batting: LHB Jorge García 0-0: Ball
1-0: Fly out, F6 (Popup, 5D)
Top of the 6th over - 1 run(s), 3 hit(s), 0 error(s), 2 left on base; Salem 1 - San Antonio 2
BOTTOM OF THE 6TH
San Antonio BC batting - Pitching for Salem Misfits : RHP Frank Veeck
Batting: SHB Esteban Borsellino 0-0: Ball
1-0: Ball
2-0: Called Strike
2-1: Called Strike
2-2: Ball
3-2: Strikes out swinging, 2-3 out at first.
Batting: RHB Ismael Sandoval 0-0: Ball
1-0: Foul Ball, location: 2F
1-1: Foul Ball, location: 2F
1-2: Ball
2-2: Ball
3-2: SINGLE (Line Drive, 4MD)
Pitching: RHP Elmer García
Batting: RHB José Perea 0-0: Called Strike
0-1: Ball
1-1: Swinging Strike
1-2: Foul Ball, location: 2F
1-2: Strikes out swinging
Batting: RHB Freddy Torres 0-0: Ball
Wild Pitch!
Ismael Sandoval to second
1-0: Ball
Wild Pitch!
Ismael Sandoval to third
2-0: DOUBLE (Line Drive, 89M)
Ismael Sandoval scores
Batting: RHB Manny Álvarez 0-0: Ball
1-0: Ball
2-0: Ball
3-0: Base on Balls
Batting: LHB Earl Wiley 0-0: SINGLE (Groundball, 34D)
Freddy Torres to third
Manny Álvarez to second
Runner from 3rd tries for Home, SAFE, no throw
Batting: LHB Stefan Vanderhoof 0-0: Fly out, F4 (Popup, 34D)
Bottom of the 6th over - 2 run(s), 3 hit(s), 0 error(s), 2 left on base; Salem 1 - San Antonio 4
TOP OF THE 7TH
Salem Misfits batting - Pitching for San Antonio BC : RHP Jim Unknown
Batting: RHB Jorge Ramos 0-0: Fly out, F3 (Popup, 3S)
Batting: RHB Paul O'Neill 0-0: Called Strike
0-1: Swinging Strike
0-2: Strikes out looking
Batting: RHB Ralph Cranford 0-0: Ball
1-0: Fly out, F1 (Line Drive, 13)
Top of the 7th over - 0 run(s), 0 hit(s), 0 error(s), 0 left on base; Salem 1 - San Antonio 4
BOTTOM OF THE 7TH
San Antonio BC batting - Pitching for Salem Misfits : RHP Elmer García
Batting: RHB Abraham Phelps 0-0: Called Strike
0-1: Ball
1-1: Ground out 6-3 (Groundball, 6)
Batting: LHB Dawit Lihalakha 0-0: SINGLE (Line Drive, 8LS)
Batting: SHB Esteban Borsellino 0-0: Called Strike
0-1: Ball
1-1: Ball
2-1: Fielders Choice at 2nd, 1-6 (Groundball, 13S)
Batting: RHB Ismael Sandoval 0-0: Ball
Esteban Borsellino steals 2nd base
1-0: SINGLE (Line Drive, 4M)
Esteban Borsellino to third
Runner from 3rd tries for Home, SAFE, no throw
Batting: RHB José Perea 0-0: Called Strike
0-1: Ball
1-1: DOUBLE (Line Drive, 8LXD)
Ismael Sandoval to third
Runner from 3rd tries for Home, SAFE, no throw
Pitching: RHP Kevin McCrary
Batting: RHB Freddy Torres 0-0: Ball
1-0: Foul Ball, location: 2F
1-1: Fly out, F7 (Flyball, 7LM)
Bottom of the 7th over - 2 run(s), 3 hit(s), 0 error(s), 1 left on base; Salem 1 - San Antonio 6
TOP OF THE 8TH
Salem Misfits batting - Pitching for San Antonio BC : RHP Jim Unknown
Now at 1B: Miguel García
Batting: RHB Jorge Gómez 0-0: Ball
1-0: Ball
2-0: Ground out 1-3 (Groundball, 13S)
Batting: LHB Austin Hathaway 0-0: Ball
1-0: Ground out 4-3 (Groundball, 4)
Batting: LHB Brent van Schoonhoven 0-0: Ground out 3-1 (Groundball, 34)
Top of the 8th over - 0 run(s), 0 hit(s), 0 error(s), 0 left on base; Salem 1 - San Antonio 6
BOTTOM OF THE 8TH
San Antonio BC batting - Pitching for Salem Misfits : RHP Kevin McCrary
Batting: RHB Manny Álvarez 0-0: Fly out, F9 (Flyball, 9S)
Batting: LHB Earl Wiley 0-0: Called Strike
0-1: Foul Ball, location: 2F
0-2: Ball
1-2: Ground out 3-1 (Groundball, 34)
Batting: LHB Stefan Vanderhoof 0-0: Called Strike
0-1: Hit by Pitch
Batting: LHB Miguel García 0-0: Ball
1-0: Foul Ball, location: 2F
1-1: Ball
2-1: Ball
3-1: SINGLE (Line Drive, 4MD)
Stefan Vanderhoof to second
Batting: LHB Dawit Lihalakha 0-0: Ball
1-0: Ball
2-0: Fielders Choice at 2nd, 4-6 (Groundball, 4)
Bottom of the 8th over - 0 run(s), 1 hit(s), 0 error(s), 1 left on base; Salem 1 - San Antonio 6
TOP OF THE 9TH
Salem Misfits batting - Pitching for San Antonio BC : RHP Jim Unknown
Batting: LHB Estefan Carrasco 0-0: Ball
1-0: Called Strike
1-1: Swinging Strike
1-2: Ball
2-2: Ground out 3-1 (Groundball, 34)
Pitching: RHP Ángel Pérez
Batting: RHB Ryan Fiore 0-0: Foul Ball, location: 2F
0-1: Called Strike
0-2: Strikes out swinging
Batting: LHB Jorge García 0-0: Called Strike
0-1: SINGLE (Line Drive, 7LS)
Batting: RHB Jorge Ramos 0-0: Ball
1-0: Ball
2-0: Swinging Strike
2-1: Called Strike
2-2: Strikes out swinging
Top of the 9th over - 0 run(s), 1 hit(s), 0 error(s), 1 left on base; Salem 1 - San Antonio 6
Saturday, May 26th, 2018 - OOTP Baseball 17.12 Build 75